| TOP OF THE 1ST |
|
Atlanta Braves batting - Pitching for Los Angeles Dodgers : RHP David Garcia
|
|
Pitching: RHP David Garcia
|
|
|
Batting: LHB Brett Butler
|
0-0: Ball 1-0: Ball 2-0: Ball 3-0: Base on Balls
|
|
Batting: LHB Leon Durham
|
0-0: Called Strike 0-1: Ball Brett Butler steals 2nd base 1-1: Called Strike Brett Butler steals 3rd base 1-2: Foul Ball, location: 2F 1-2: Ball 2-2: Fly out, F8 (Line Drive, 8RD, EV 96.3 MPH) Runner from 3rd tags up, SCORES, no throw by CF
|
|
Batting: SHB Tony Fernandez
|
0-0: Called Strike 0-1: Fly out, F9 (Line Drive, 9, EV 88.8 MPH)
|
|
Batting: LHB Karl Pagel
|
0-0: Ball 1-0: Ball 2-0: Called Strike 2-1: Foul Ball, location: 2F 2-2: Foul Ball, location: 2F 2-2: Strikes out swinging
|
| Top of the 1st over - 1 run, 0 hits, 0 errors, 0 left on base; Atlanta 1 - Los Angeles 0 |
| BOTTOM OF THE 1ST |
|
Los Angeles Dodgers batting - Pitching for Atlanta Braves : RHP Gary Serum
|
|
Pitching: RHP Gary Serum
|
|
|
Batting: SHB Jose Oquendo
|
0-0: Called Strike 0-1: Ball 1-1: Ball 2-1: Ball 3-1: Base on Balls
|
|
Batting: RHB Mike Shelton
|
0-0: Called Strike 0-1: Ball 1-1: Ball 2-1: Foul Ball, location: 2F 2-2: Foul Ball, location: 2F 2-2: Grounds into double play, 4-6-3 (Groundball, 4, EV 82.5 MPH)
|
|
Batting: RHB Dick Davis
|
0-0: Swinging Strike 0-1: Ball 1-1: SINGLE (Groundball, 56D, EV 101.9 MPH)
|
|
Batting: RHB Jerry Keller
|
0-0: Called Strike Dick Davis steals 2nd base 0-1: Ball 1-1: Ball 2-1: Foul Ball, location: 2F 2-2: Foul Ball, location: 2F 2-2: Foul Ball, location: 2F 2-2: Fly out, F6 (Popup, 6MS, EV 71.3 MPH)
|
| Bottom of the 1st over - 0 runs, 1 hit, 0 errors, 1 left on base; Atlanta 1 - Los Angeles 0 |
| TOP OF THE 2ND |
|
Atlanta Braves batting - Pitching for Los Angeles Dodgers : RHP David Garcia
|
|
Batting: LHB Joe L Morgan
|
0-0: Ground out 5-3 (Groundball, 56, EV 103.1 MPH)
|
|
Batting: LHB Mike Scioscia
|
0-0: Ball 1-0: Called Strike 1-1: Swinging Strike 1-2: Foul Ball, location: 2F 1-2: Ball 2-2: Ball 3-2: Base on Balls
|
|
Batting: LHB Brent Hillenga
|
0-0: Called Strike 0-1: Ball 1-1: Ball 2-1: Swinging Strike Balk! Mike Scioscia to second 2-2: Ball 3-2: Fly out, F8 (Flyball, 8LXD, EV 100.6 MPH) Runner from 2nd tags up, SAFE at 3rd, no throw by CF
|
|
Batting: RHB Tom Veryzer
|
0-0: Ground out 4-3 (Groundball, 4, EV 83.8 MPH)
|
| Top of the 2nd over - 0 runs, 0 hits, 0 errors, 1 left on base; Atlanta 1 - Los Angeles 0 |
| BOTTOM OF THE 2ND |
|
Los Angeles Dodgers batting - Pitching for Atlanta Braves : RHP Gary Serum
|
|
Batting: SHB Chris W Smith
|
0-0: Ball 1-0: Called Strike 1-1: Ball 2-1: Ball 3-1: Base on Balls
|
|
Batting: RHB Toby Harrah
|
0-0: Ball 1-0: Swinging Strike 1-1: Ball 2-1: Ball 3-1: Base on Balls Chris W Smith to second
|
|
Batting: RHB Roberto Reyes
|
0-0: Ball 1-0: Foul Ball, location: 2F 1-1: Foul Ball, location: 2F 1-2: Fly out, F9 (Flyball, 9, EV 91.3 MPH) Runner from 2nd tags up, SAFE at 3rd with throw by RF
|
|
Batting: RHB John Almon
|
0-0: Foul Ball, location: 2F 0-1: SINGLE (Groundball, 6MD, EV 97.5 MPH) Chris W Smith scores Toby Harrah to second Runner from 2nd tries for 3rd, SAFE, throw by CF made to third
|
|
Batting: SHB David Garcia
|
0-0: Swinging Strike 0-1: Ball John Almon is caught stealing 2nd base 2-6 1-1: Ball 2-1: Swinging Strike 2-2: Strikes out swinging
|
| Bottom of the 2nd over - 1 run, 1 hit, 0 errors, 1 left on base; Atlanta 1 - Los Angeles 1 |
| TOP OF THE 3RD |
|
Atlanta Braves batting - Pitching for Los Angeles Dodgers : RHP David Garcia
|
|
Batting: RHB Gary Serum
|
0-0: Ball 1-0: Swinging Strike 1-1: Ground out 6-3 (Groundball, 6M, EV 98.8 MPH)
|
|
Batting: LHB Brett Butler
|
0-0: Ball 1-0: Swinging Strike 1-1: Ball 2-1: Swinging Strike 2-2: Ball 3-2: Strikes out swinging
|
|
Batting: LHB Leon Durham
|
0-0: Foul Ball, location: 2F 0-1: Ball 1-1: Foul Ball, location: 2F 1-2: Ball 2-2: Ball 3-2: Base on Balls
|
|
Batting: SHB Tony Fernandez
|
0-0: Hit by Pitch Leon Durham to second
|
|
Batting: LHB Karl Pagel
|
0-0: 3-RUN HOME RUN (Flyball, 9LD, EV 111.3 MPH), Distance : 361 ft
|
|
Batting: LHB Joe L Morgan
|
0-0: Called Strike 0-1: Foul Ball, location: 2F 0-2: Ball 1-2: Ball 2-2: Foul Ball, location: 2F 2-2: Ball 3-2: Fly out, F8 (Flyball, 8LD, EV 98.8 MPH)
|
| Top of the 3rd over - 3 runs, 1 hit, 0 errors, 0 left on base; Atlanta 4 - Los Angeles 1 |
| BOTTOM OF THE 3RD |
|
Los Angeles Dodgers batting - Pitching for Atlanta Braves : RHP Gary Serum
|
|
Batting: SHB Jose Oquendo
|
0-0: Foul Ball, location: 2F 0-1: Ball 1-1: Foul Ball, location: 2F 1-2: Ball 2-2: SINGLE (Line Drive, 56D, EV 106.3 MPH)
|
|
Batting: RHB Mike Shelton
|
0-0: Ball 1-0: Called Strike 1-1: Foul Ball, location: 2F 1-2: Foul Ball, location: 2F 1-2: Strikes out swinging
|
|
Batting: RHB Dick Davis
|
0-0: Ball Jose Oquendo is caught stealing 2nd base 2-4 1-0: Ball 2-0: Ball 3-0: Called Strike 3-1: Base on Balls
|
|
Batting: RHB Jerry Keller
|
0-0: Called Strike 0-1: Foul Ball, location: 2F 0-2: Ball 1-2: Ball 2-2: Fly out, F9 (Flyball, 9, EV 75.6 MPH)
|
| Bottom of the 3rd over - 0 runs, 1 hit, 0 errors, 1 left on base; Atlanta 4 - Los Angeles 1 |
| TOP OF THE 4TH |
|
Atlanta Braves batting - Pitching for Los Angeles Dodgers : RHP David Garcia
|
|
Batting: LHB Mike Scioscia
|
0-0: Ball 1-0: Fly out, F9 (Line Drive, 9D, EV 93.8 MPH)
|
|
Batting: LHB Brent Hillenga
|
0-0: Foul Ball, location: 2F 0-1: Ball 1-1: Ball 2-1: Ball 3-1: Foul Ball, location: 2F 3-2: Foul Ball, location: 2F 3-2: Ground out U3 (Groundball, 34, EV 104.4 MPH)
|
|
Batting: RHB Tom Veryzer
|
0-0: Ground out 4-3 (Groundball, 34D, EV 99.4 MPH)
|
| Top of the 4th over - 0 runs, 0 hits, 0 errors, 0 left on base; Atlanta 4 - Los Angeles 1 |
| BOTTOM OF THE 4TH |
|
Los Angeles Dodgers batting - Pitching for Atlanta Braves : RHP Gary Serum
|
|
Batting: SHB Chris W Smith
|
0-0: Called Strike 0-1: Ball 1-1: DOUBLE (Flyball, 8LXD, EV 104.4 MPH)
|
|
Batting: RHB Toby Harrah
|
0-0: Foul Ball, location: 2F 0-1: Ball 1-1: Fly out, F6 (Popup, 6MS, EV 83.1 MPH)
|
|
Batting: RHB Roberto Reyes
|
0-0: Ground out 1-3 (Groundball, 13S, EV 67.5 MPH) Chris W Smith to third
|
|
Batting: RHB John Almon
|
0-0: Called Strike 0-1: Swinging Strike 0-2: Strikes out swinging
|
| Bottom of the 4th over - 0 runs, 1 hit, 0 errors, 1 left on base; Atlanta 4 - Los Angeles 1 |
| TOP OF THE 5TH |
|
Atlanta Braves batting - Pitching for Los Angeles Dodgers : RHP David Garcia
|
|
Pinch Hitting: LHB Dan Rohn
|
0-0: Ball 1-0: Ball 2-0: Ball 3-0: Called Strike 3-1: Called Strike 3-2: Fly out, F7 (Flyball, 7, EV 91.9 MPH)
|
|
Pitching: RHP Chuck Porter
|
|
|
Now in CF: Ronald Jackson
|
|
|
Batting: LHB Brett Butler
|
0-0: Ball 1-0: Foul Ball, location: 2F 1-1: Ball 2-1: Ball 3-1: Fly out, F9 (Flyball, 89M, EV 86.3 MPH)
|
|
Batting: LHB Leon Durham
|
0-0: Foul Ball, location: 2F 0-1: Ball 1-1: Ball 2-1: Ball 3-1: Fly out, F9 (Flyball, 89S, EV 89.4 MPH)
|
| Top of the 5th over - 0 runs, 0 hits, 0 errors, 0 left on base; Atlanta 4 - Los Angeles 1 |
| BOTTOM OF THE 5TH |
|
Los Angeles Dodgers batting - Pitching for Atlanta Braves : RHP Gary Serum
|
|
Pitching: RHP Gary Carter
|
|
|
Batting: LHB Ronald Jackson
|
0-0: Ball 1-0: Called Strike 1-1: Ball 2-1: Foul Ball, location: 2F 2-2: Fly out, F7 (Flyball, 7D, EV 105.6 MPH)
|
|
Batting: SHB Jose Oquendo
|
0-0: Swinging Strike 0-1: Ball 1-1: Foul Ball, location: 2F 1-2: Foul Ball, location: 2F 1-2: Ball 2-2: Ground out 4-3 (Groundball, 4D, EV 106.9 MPH)
|
|
Batting: RHB Mike Shelton
|
0-0: Ball 1-0: Swinging Strike 1-1: Foul Ball, location: 2F 1-2: Ball 2-2: Ball 3-2: Fly out, F7 (Line Drive, 7D, EV 98.1 MPH)
|
| Bottom of the 5th over - 0 runs, 0 hits, 0 errors, 0 left on base; Atlanta 4 - Los Angeles 1 |
| TOP OF THE 6TH |
|
Atlanta Braves batting - Pitching for Los Angeles Dodgers : RHP Chuck Porter
|
|
Batting: SHB Tony Fernandez
|
0-0: Ball 1-0: Foul Ball, location: 2F 1-1: Swinging Strike 1-2: Ball 2-2: Fly out, F5 (Popup, 5F, EV 78.8 MPH)
|
|
Batting: LHB Karl Pagel
|
0-0: Swinging Strike 0-1: Foul Ball, location: 2F 0-2: Ball 1-2: Foul Ball, location: 2F 1-2: Ball 2-2: Strikes out swinging
|
|
Batting: LHB Joe L Morgan
|
0-0: Called Strike 0-1: Ground out 3-1 (Groundball, 34S, EV 86.9 MPH)
|
| Top of the 6th over - 0 runs, 0 hits, 0 errors, 0 left on base; Atlanta 4 - Los Angeles 1 |
| BOTTOM OF THE 6TH |
|
Los Angeles Dodgers batting - Pitching for Atlanta Braves : RHP Gary Carter
|
|
Batting: RHB Dick Davis
|
0-0: Foul Ball, location: 2F 0-1: Ground out 5-3 (Groundball, 56, EV 87.5 MPH)
|
|
Batting: RHB Jerry Keller
|
0-0: Ball 1-0: Ball 2-0: Ball 3-0: Base on Balls
|
|
Batting: SHB Chris W Smith
|
0-0: Foul Ball, location: 2F 0-1: Fly out, F8 (Line Drive, 8RD, EV 91.3 MPH)
|
|
Batting: RHB Toby Harrah
|
0-0: Ball 1-0: Foul Ball, location: 2F 1-1: Called Strike 1-2: Foul Ball, location: 2F 1-2: Foul Ball, location: 2F 1-2: Fly out, F9 (Flyball, 9LM, EV 101.9 MPH)
|
| Bottom of the 6th over - 0 runs, 0 hits, 0 errors, 1 left on base; Atlanta 4 - Los Angeles 1 |
| TOP OF THE 7TH |
|
Atlanta Braves batting - Pitching for Los Angeles Dodgers : RHP Chuck Porter
|
|
Batting: LHB Mike Scioscia
|
0-0: Ball 1-0: Ground out U3 (Groundball, 3, EV 83.1 MPH)
|
|
Batting: LHB Brent Hillenga
|
0-0: Called Strike 0-1: Foul Ball, location: 2F 0-2: Fly out, F8 (Line Drive, 8RM, EV 90.6 MPH)
|
|
Batting: RHB Tom Veryzer
|
0-0: Swinging Strike 0-1: Swinging Strike 0-2: Strikes out swinging
|
| Top of the 7th over - 0 runs, 0 hits, 0 errors, 0 left on base; Atlanta 4 - Los Angeles 1 |
| BOTTOM OF THE 7TH |
|
Los Angeles Dodgers batting - Pitching for Atlanta Braves : RHP Gary Carter
|
|
Batting: RHB Roberto Reyes
|
0-0: Ball 1-0: Ball 2-0: Foul Ball, location: 2F 2-1: Ball 3-1: Foul Ball, location: 2F 3-2: Base on Balls
|
|
Pinch Hitting: RHB Gary Gaetti
|
0-0: Called Strike 0-1: Foul Ball, location: 2F 0-2: Ball 1-2: Fly out, F8 (Flyball, 8LD, EV 80.6 MPH)
|
|
Batting: LHB Ronald Jackson
|
0-0: Ball 1-0: Ball 2-0: Fly out, F4 (Popup, 4MD, EV 60.0 MPH)
|
|
Pinch Hitting: RHB Tom Watkins
|
0-0: Ball 1-0: Foul Ball, location: 2F 1-1: Called Strike 1-2: Ball Roberto Reyes steals 2nd base 2-2: Foul Ball, location: 2F 2-2: Ball 3-2: Fly out, F8 (Line Drive, 8RD, EV 87.5 MPH)
|
| Bottom of the 7th over - 0 runs, 0 hits, 0 errors, 1 left on base; Atlanta 4 - Los Angeles 1 |
| TOP OF THE 8TH |
|
Atlanta Braves batting - Pitching for Los Angeles Dodgers : RHP Chuck Porter
|
|
Pitching: LHP Alberto Argueta
|
|
|
Now at SS: Tom Watkins
|
|
|
Pinch Hitting: RHB James Shinn
|
0-0: Ball 1-0: Foul Ball, location: 2F 1-1: Foul Ball, location: 2F 1-2: Foul Ball, location: 2F 1-2: Ball 2-2: SINGLE (Line Drive, 4M, EV 99.4 MPH)
|
|
Pinch Hitting: RHB Dan Ford
|
0-0: Ball 1-0: Swinging Strike 1-1: Sac Bunt to 13S - play at first, batter OUT! 1-3 James Shinn to second
|
|
Pinch Hitting: RHB Mike Fuentes
|
0-0: SINGLE (Line Drive, 78S, EV 91.9 MPH) James Shinn to third Runner from 3rd tries for Home, SAFE, throw by LF to home
|
|
Pinch Hitting: RHB Guy Sularz
|
0-0: Ball 1-0: Ball 2-0: Called Strike 2-1: Ball 3-1: Base on Balls Mike Fuentes to second
|
|
Batting: LHB Karl Pagel
|
0-0: Ball 1-0: Ball 2-0: Called Strike 2-1: SINGLE (Groundball, 6D, EV 97.5 MPH) Mike Fuentes to third Guy Sularz to second Runner from 3rd tries for Home, SAFE, throw by CF to home
|
|
Pinch Hitting: SHB UL Washington
|
0-0: Called Strike 0-1: Ball 1-1: Called Strike 1-2: Foul Ball, location: 2F 1-2: Ground out 5-3 (Groundball, 6S, EV 83.8 MPH) Guy Sularz to third Karl Pagel to second
|
|
Batting: LHB Mike Scioscia
|
0-0: Ball 1-0: Ball 2-0: Ball 3-0: Base on Balls
|
|
Pinch Hitting: RHB Dave Sax
|
0-0: Ball 1-0: SINGLE (Groundball, 6D, EV 97.5 MPH) Guy Sularz scores Karl Pagel to third Mike Scioscia to second Runner from 3rd tries for Home, throw by CF and OUT! 8-2
|
| Top of the 8th over - 3 runs, 4 hits, 0 errors, 2 left on base; Atlanta 7 - Los Angeles 1 |
| BOTTOM OF THE 8TH |
|
Los Angeles Dodgers batting - Pitching for Atlanta Braves : RHP Gary Carter
|
|
Pitching: LHP Jesus Rios
|
|
|
Now at 1B: Dave Sax
|
|
|
Now at 2B: UL Washington
|
|
|
Now at SS: Guy Sularz
|
|
|
Now in LF: Dan Ford
|
|
|
Now in RF: Mike Fuentes
|
|
|
Pinch Hitting: RHB Carney Lansford
|
0-0: Ball 1-0: Foul Ball, location: 2F 1-1: Swinging Strike 1-2: SINGLE (Line Drive, 9LS, EV 106.3 MPH)
|
|
Pinch Hitting: RHB Billy Sample
|
0-0: Foul Ball, location: 2F 0-1: Grounds into double play, 6-4-3 (Groundball, 6, EV 78.8 MPH)
|
|
Batting: RHB Jerry Keller
|
0-0: Swinging Strike 0-1: Foul Ball, location: 2F 0-2: SINGLE (Groundball, 56D, EV 98.8 MPH)
|
|
Pinch Hitting: RHB Craig Landis
|
0-0: Ball 1-0: Fly out, F5 (Flyball, 56D, EV 72.5 MPH)
|
| Bottom of the 8th over - 0 runs, 2 hits, 0 errors, 1 left on base; Atlanta 7 - Los Angeles 1 |
| TOP OF THE 9TH |
|
Atlanta Braves batting - Pitching for Los Angeles Dodgers : LHP Alberto Argueta
|
|
Now at 1B: Craig Landis
|
|
|
Now at 3B: Carney Lansford
|
|
|
Now in LF: Billy Sample
|
|
|
Pinch Hitting: RHB Dave Stegman
|
0-0: Called Strike 0-1: Ball 1-1: Ball 2-1: Foul Ball, location: 2F 2-2: Foul Ball, location: 2F 2-2: Strikes out looking
|
|
Pinch Hitting: LHB Mike Hargrove
|
0-0: Called Strike 0-1: Ball 1-1: DOUBLE (Groundball, 3L, EV 103.1 MPH)
|
|
Batting: RHB Dan Ford
|
0-0: Hit by Pitch
|
|
Batting: RHB Mike Fuentes
|
0-0: Swinging Strike 0-1: Swinging Strike 0-2: Strikes out swinging
|
|
Batting: RHB Guy Sularz
|
0-0: Called Strike 0-1: Fielders Choice at 2nd, U4 (Groundball, 4M, EV 90.6 MPH)
|
| Top of the 9th over - 0 runs, 1 hit, 0 errors, 2 left on base; Atlanta 7 - Los Angeles 1 |
| BOTTOM OF THE 9TH |
|
Los Angeles Dodgers batting - Pitching for Atlanta Braves : LHP Jesus Rios
|
|
Pitching: RHP Doc Medich
|
|
|
Now at 3B: Dave Stegman
|
|
|
Pinch Hitting: RHB Damaso Garcia
|
0-0: Ball 1-0: Called Strike 1-1: Called Strike 1-2: Ball 2-2: Ball 3-2: Fly out, F9 (Flyball, 9D, EV 81.9 MPH)
|
|
Pinch Hitting: RHB Cleo Smith
|
0-0: Called Strike 0-1: Fly out, F7 (Flyball, 7S, EV 90.6 MPH)
|
|
Pinch Hitting: LHB Darren Daulton
|
0-0: Swinging Strike 0-1: Ball 1-1: SOLO HOME RUN (Flyball, 9LD, EV 89.4 MPH), Distance : 373 ft
|
|
Batting: LHB Ronald Jackson
|
0-0: Foul Ball, location: 2F 0-1: SINGLE (Groundball, 5L, EV 84.4 MPH) (infield hit)
|
|
Batting: RHB Tom Watkins
|
0-0: Ball 1-0: SINGLE (Line Drive, 7S, EV 93.1 MPH) Ronald Jackson to second
|
|
Batting: RHB Carney Lansford
|
0-0: Ball 1-0: Ball 2-0: Ball 3-0: Base on Balls Ronald Jackson to third Tom Watkins to second
|
|
Batting: RHB Billy Sample
|
0-0: Ball Wild Pitch! Ronald Jackson scores Tom Watkins to third Carney Lansford to second 1-0: Ball 2-0: Foul Ball, location: 2F 2-1: Ground out 6-3 (Groundball, 6, EV 94.4 MPH)
|
| Bottom of the 9th over - 2 runs, 3 hits, 0 errors, 2 left on base; Atlanta 7 - Los Angeles 3 |
|